 Dungeon Crawl Stone Soup version 0.21-a0-442-g848f44b (webtiles) character file.

1326 KristoblXynda the Charlatan (level 8, -1/59 HPs)
             Began as a Red Draconian Artificer on Nov 12, 2017.
             Was a Follower of Ashenzari.
             Slain by an ogre
             ... wielding a +0 giant club
              (10 damage)
             ... on level 6 of the Dungeon.
             The game lasted 00:16:42 (7111 turns).

KristoblXynda the Charlatan (DrAr)                  Turns: 7111, Time: 00:16:43

Health: -1/59      AC:  8    Str: 14    XL:     8   Next: 34%
Magic:  13/13      EV: 14    Int: 14    God:    Ashenzari [*.....]
Gold:   336        SH:  0    Dex: 12    Spells: 7/7 levels left

rFire    + . .     SeeInvis .   l - +0 long sword
rCold    + . .     Gourm    .   (no shield)
rNeg     . . .     Faith    +   (armour unavailable)
rPois    +         Spirit   .   D - +0 hat
rElec    .         Reflect  .   o - +0 cloak
rCorr    .         Harm     .   (no gloves)
MR       .....                  y - +0 pair of boots
Stlth    +.........             e - amulet of faith
HPRegen  0.19/turn              t - ring of protection from cold (curse)
MPRegen  0.13/turn              (no ring)

@: drained
A: breathe fire, unfitting armour, fire resistance 1, high mp 1, poison
resistance, evolution 1, cold-blooded, AC +6
a: Breathe Fire, Curse Item, Scrying, Renounce Religion


You were on level 6 of the Dungeon.
You worshipped Ashenzari.
Ashenzari was aware of your devotion.
You were hungry.

You visited 2 branches of the dungeon, and saw 7 of its levels.

You collected 336 gold pieces.

Inventory:

Hand Weapons
 l - a +0 long sword (weapon)
 A - a +1 scimitar of electrocution
 E - a +3 falchion of freezing
Armour
 o - a +0 cloak (worn)
 y - a +0 pair of boots (worn)
 D - a +0 hat (worn)
Jewellery
 a - an uncursed ring of resist corrosion
 e - an amulet of faith (around neck)
 t - a cursed ring of protection from cold (left hand)
Wands
 c - a wand of enslavement (12/24)
 d - a wand of random effects (9/48)
 v - a wand of clouds (2/9)
 x - a wand of iceblast (3/15)
Scrolls
 i - a scroll of teleportation
 k - 2 scrolls of enchant weapon
 B - a scroll of recharging {unknown}
 C - a scroll of identify
Potions
 g - a potion of agility
 h - 2 potions of magic
 n - a potion of mutation
 p - 3 potions of curing
 r - a potion of lignification {unknown}
 s - a potion of flight
 u - a potion of might {unknown}
 w - a potion of brilliance {unknown}
 z - a potion of cancellation {unknown}
Books
 b - the Catalogue of Cold
   (You found it on level 5 of the Dungeon)

   Spells                             Type                      Level
   a - Freeze                         Ice                          1
   b - Throw Frost                    Conjuration/Ice              2
   c - Ensorcelled Hibernation        Hexes/Ice                    2
   d - Ozocubu's Armour               Charms/Ice                   3
   e - Bolt of Cold                   Conjuration/Ice              6
   f - Freezing Cloud                 Conjuration/Ice/Air          6
 m - a book of Callings

   Spells                             Type                      Level
   a - Summon Small Mammal            Summoning                    1
   b - Call Imp                       Summoning                    2
   c - Call Canine Familiar           Summoning                    3
   d - Summon Guardian Golem          Hexes/Summoning              3
   e - Summon Lightning Spire         Summoning/Air                4
   f - Summon Ice Beast               Ice/Summoning                4
Comestibles
 f - 5 bread rations
 j - 2 royal jellies
 q - a fruit


   Skills:
 - Level 1.1(0.9) Fighting
   Level 3.2(4.8) Short Blades
 * Level 5.8(6.0) Long Blades
 + Level 5.2(5.0) Dodging
 - Level 0.8(0.7) Stealth
 + Level 6.1(5.9) Evocations


You had 7 spell levels left.
You didn't know any spells.

Dungeon Overview and Level Annotations

Branches:
Dungeon (6/15)             Temple (1/1) D:4

Altars:
Ashenzari
Cheibriados
Dithmenos
Elyvilon
Fedhas
Gozag
Hepliaklqana
Kikubaaqudgha
Makhleb
Nemelex Xobeh
Ru
Sif Muna
Uskayaw
Vehumet
Wu Jian
Xom
Yredelemnul
Zin
The Shining One

Shops:
D:5 :

Annotations:
D:3 2 transporters, Menkaure


Innate Abilities, Weirdness & Mutations

You can breathe blasts of fire.
Your fiery red scales are hard. (AC +6)
You cannot fit into any form of body armour.
Your flesh is heat resistant. (rF+)
You are cold-blooded and may be slowed by cold attacks.
You have an increased reservoir of magic. (+10% MP)
Your system is resistant to poisons. (rPois)
You evolve.


Message History

You tail-slap the quokka, but do no damage.
The quokka is moderately wounded.
You slash the quokka!
You kill the quokka!
An ogre comes into view. It is wielding a giant club.
An ogre is nearby!
An ogre is nearby!
An ogre is nearby!
The ogre hits you with a giant club!!
You slash the ogre! You tail-slap the ogre.
The ogre is moderately wounded.
The ogre hits you with a giant club!
You barely miss the ogre.
The ogre is moderately wounded.
The ogre hits you with a giant club!
* * * LOW HITPOINT WARNING * * *
You hit the ogre.
The ogre is heavily wounded.
The ogre hits you with a giant club!
You die...

########################
.........##............#
#.....O@.....#########.#
#.######!##..# #..
.......# ### ###.##..#
......... #### #........
.#..... ..........
...##.#
....#..##........#
.......


You could see an ogre.

Vanquished Creatures
  Eustachio (D:4)
  Edmund (D:6)
  A black bear (D:6)
  An ogre (D:5)
  Blork the orc (D:4)
  3 wights (D:6)
  2 crimson imps (D:5)
  2 bullfrog zombies
  5 orc priests
  A hound (D:4)
  Jessica (D:2)
  5 orc wizards
  A worker ant (D:4)
  A worker ant zombie (D:4)
  Robin (D:4)
  A gnoll (D:1)
  5 adders
  An ooze (D:3)
  An adder skeleton (D:4)
  A worm (D:2)
  3 dart slugs (D:1)
  19 orcs
  3 giant cockroaches
  26 goblins
  19 hobgoblins
  2 quokkas
  4 bats
  7 frilled lizards
  4 kobolds
  6 rats
129 creatures vanquished.

Vanquished Creatures (collateral kills)
  An orc (D:4)
1 creature vanquished.

Vanquished Creatures (others)
  A goblin (D:3)
  A rat (D:3)
2 creatures vanquished.

Grand Total: 132 creatures vanquished

Notes
Turn   | Place    | Note
-------+----------+-------------------------------------------
     0 | D:1      | KristoblXynda the Draconian Artificer began the quest for the Orb.
     0 | D:1      | Reached XP level 1. HP: 16/16 MP: 3/3
   157 | D:1      | Noticed a troll
   402 | D:1      | Reached XP level 2. HP: 11/23 MP: 4/4
   875 | D:1      | Reached XP level 3. HP: 12/28 MP: 5/5
  1336 | D:2      | Noticed Jessica
  1341 | D:2      | Killed Jessica
  1341 | D:2      | Reached XP level 4. HP: 32/35 MP: 6/6
  2299 | D:3      | Reached skill level 4 in Evocations
  2300 | D:3      | Reached XP level 5. HP: 39/40 MP: 6/8
  2474 | D:3      | Found a blossoming altar of Fedhas.
  2675 | D:3      | Found a transporter.
  2677 | D:3      | Found a transporter.
  2695 | D:3      | Noticed a necrophage
  2722 | D:3      | Found a basalt altar of Yredelemnul.
  2726 | D:3      | Noticed Menkaure
  2732 | D:3      | Found an ancient bone altar of Kikubaaqudgha.
  2788 | D:3      | Found a burning altar of Makhleb.
  2789 | D:3      | Noticed a blizzard demon
  3704 | D:4      | Reached skill level 1 in Long Blades
  3708 | D:4      | Noticed Eustachio
  3718 | D:4      | Reached XP level 6. HP: 39/47 MP: 9/9
  3725 | D:4      | Gained mutation: Your system is resistant to poisons. (rPois) [potion of mutation]
  3725 | D:4      | Gained mutation: You evolve. [potion of mutation]
  3725 | D:4      | Gained mutation: You have an increased reservoir of magic. (+10% MP) [potion of mutation]
  3725 | D:4      | Gained mutation: Your spells are a little harder to cast, but a little more powerful. [potion of mutation]
  4274 | D:4      | Gained mutation: Your flesh is heat resistant. (rF+) [evolution]
  4524 | D:4      | Killed Eustachio
  4524 | D:4      | Reached skill level 5 in Evocations
  4524 | D:4      | Your scales start taking on a fiery red colour.
  4524 | D:4      | Reached XP level 7. HP: 32/52 MP: 11/11
  4524 | D:4      | Mutation became permanent: Your flesh is heat resistant. (rF+) [Red Draconian growth]
  4524 | D:4      | Gained mutation: Your flesh is heat resistant. (rF+) [Red Draconian growth]
  4581 | D:4      | Found a hazy altar of Hepliaklqana.
  4609 | D:4      | Noticed Blork the orc
  4614 | D:4      | Killed Blork the orc
  4869 | D:4      | Noticed Robin
  4873 | D:4      | Killed Robin
  5061 | D:4      | Found a staircase to the Ecumenical Temple.
  5085 | Temple   | Entered the Ecumenical Temple
  5237 | Temple   | Lost mutation: Your spells are a little harder to cast, but a little more powerful. [evolution]
  5300 | Temple   | Became a worshipper of Ashenzari the Shackled
  5385 | D:4      | Found a glowing silver altar of Zin.
  5541 | D:5      | Entered Level 5 of the Dungeon
  5569 | D:5      | Identified the Catalogue of Cold
  6017 | D:5      | Found Jelucwao's Book Boutique.
  6637 | D:5      | Found a snail-covered altar of Cheibriados.
  6836 | D:6      | Noticed Edmund
  6842 | D:6      | Killed Edmund
  6842 | D:6      | Reached skill level 5 in Long Blades
  6842 | D:6      | Reached XP level 8. HP: 53/59 MP: 13/13
  6905 | D:6      | Reached skill level 5 in Dodging
  7030 | D:6      | Reached skill level 6 in Evocations
  7081 | D:6      | Reached * piety under Ashenzari
  7111 | D:6      | Slain by an ogre

Vault maps used:
D:1:      erik_arrival_cave_to_civilisation, minmay_quantized
D:2:      first_bread, kennysheep_generic_room_4, uniq_jessica
D:3:      cheibrodos_greedy_goblins, makhleb_altar_promises_db,
          old_standard_altar, gammafunk_temple_of_torment, lemuel_flame_loot_1
D:4:      lemuel_coloured_pillars_altar, kennysheep_little_box,
          minmay_temple_entry_glassed_door, serial_curves, eino_curves_03,
          eino_curves_02, uniq_robin, uniq_eustachio, uniq_blork_the_orc
D:5:      kennysheep_mini, serial_shops, shop
D:6:      okawaru_ov_weapons_minmay, water_boxes_lemuel, uniq_edmund
Temple:   minmay_temple_bridge_abc

Skill      XL: |  1  2  3  4  5  6  7  8 |
---------------+-------------------------+-----
Dodging        | 2 3 4 5 |  5.2
Short Blades   | 2 3 |  3.2
Evocations     | 4 5 6 |  6.1
Long Blades    | 1 3 5 |  5.8
Fighting       | |  1.1
Stealth        | |  0.8

Action                   |  1- 3 |  4- 6 |  7- 9 || total
-------------------------+-------+-------+-------++-------
Melee: Short sword       |   114 |   156 |       ||   270
       Tailslap          |     9 |    33 |    24 ||    66
       Long sword        |       |   118 |   177 ||   295
Invok: Curse Item        |       |       |     1 ||     1
 Abil: Breathe Fire      |       |       |     7 ||     7
Evoke: Wand              |     6 |    20 |       ||    26
  Use: Scroll            |       |     8 |     4 ||    12
       Potion            |       |     3 |     1 ||     4
 Stab: Sleeping          |     5 |     2 |     1 ||     8
  Eat: Chunk             |     1 |     4 |     2 ||     7
       Bread ration      |       |     1 |       ||     1
       Royal jelly       |       |     1 |       ||     1
       Fruit             |       |     1 |     2 ||     3
       Meat ration       |       |       |     1 ||     1
Armor: Skin              |    22 |    75 |    63 ||   160
Dodge: Dodged            |    69 |   212 |   138 ||   419
       Rpst.: Long sword |       |    20 |    39 ||    59

Table legend:
 A = Spawn XP
 B = Non-spawn XP
 C = Spawn XP percentage of total XP
 D = Spawn monster count
 E = Non-spawn monster count
 F = Spawn count percentage of total count
 G = Total turns spent on level
                    A         B        C        D         E        F      G
               +---------+---------+-------+---------+---------+-------+---------
         Total |       0 |    1895 |   0.0 |       0 |     130 |   0.0 |  7111
               +---------+---------+-------+---------+---------+-------+---------
           D:1 |       0 |      51 |   0.0 |       0 |      20 |   0.0 |  1110
           D:2 |       0 |      83 |   0.0 |       0 |      21 |   0.0 |  1169
           D:3 |       0 |     183 |   0.0 |       0 |      35 |   0.0 |  1535
           D:4 |       0 |     778 |   0.0 |       0 |      37 |   0.0 |  1486
           D:5 |       0 |     288 |   0.0 |       0 |       9 |   0.0 |  1266
           D:6 |       0 |     512 |   0.0 |       0 |       8 |   0.0 |   304
               +---------+---------+-------+---------+---------+-------+---------
